 Dungeon Crawl Stone Soup version 0.22.1-1-ga44c0e5 (webtiles) character file.

359 alkexr the Sneak (level 6, -3/41 HPs)
             Began as a Vampire Enchanter on Oct 2, 2018.
             Was a Follower of Makhleb.
             Shot with an arrow by a centaur (9 damage)
             ... on level 4 of the Dungeon.
             The game lasted 00:23:10 (5154 turns).

alkexr the Sneak (Vampire Enchanter)                Turns: 5154, Time: 00:23:10

Health: -3/41      AC:  3    Str:  8    XL:     6   Next: 37%
Magic:  1/10       EV: 14    Int: 17    God:    Makhleb [*.....]
Gold:   154        SH:  0    Dex: 16    Spells: 4/10 levels left

rFire    . . .     SeeInvis +   w - +2 dagger (speed)
rCold    . . .     Gourm    .   (no shield)
rNeg     + . .     Faith    .   b - +1 robe
rPois    .         Spirit   .   (no helmet)
rElec    .         Reflect  .   (no cloak)
rCorr    .         Harm     .   (no gloves)
MR       .....                  (no boots)
Stlth    +++.......             (no amulet)
HPRegen  0.13/turn              (no ring)
MPRegen  0.12/turn              (no ring)

@: very slightly contaminated
A: fangs 3, see invisible, unbreathing
a: Bat Form, Renounce Religion


You were on level 4 of the Dungeon.
You worshipped Makhleb.
Makhleb was aware of your devotion.
You were not thirsty.

You visited 1 branch of the dungeon, and saw 4 of its levels.

You collected 154 gold pieces.

Inventory:

Hand Weapons
 a - a +1 dagger of venom
 e - a +0 blowgun
 q - a +2 hunting sling of velocity
 w - a +2 dagger of speed (weapon)
Missiles
 c - 112 stones (quivered)
 l - 6 needles of frenzy
 u - 24 poisoned needles
 x - 2 tomahawks
Armour
 b - a +1 robe (worn)
Wands
 A - a wand of iceblast (8)
Scrolls
 h - 2 scrolls of remove curse
 m - a scroll of teleportation
Potions
 f - a potion of magic {unknown}
 g - 3 potions of curing
 i - a potion of heal wounds {unknown}
 n - a potion of agility {unknown}
 o - a potion of ambrosia {unknown}
 r - a potion of brilliance {unknown}
 s - a potion of lignification


   Skills:
 * Level 3.9 Short Blades
 + Level 3.8 Dodging
 + Level 6.3 Stealth
 * Level 2.9 Spellcasting
 + Level 5.9 Hexes


You had 4 spell levels left.
You knew the following spells:

 Your Spells              Type           Power        Failure   Level  Hunger
e - Tukima's Dance        Hex            ###.....     4%          3    ###....
n - Corona                Hex            ###....      1%          1    #......
q - Ensorcelled Hibernat  Hex/Ice        ##....       8%          2    ##.....

Your spell library contained the following spells:

 Spells                   Type           Power        Failure   Level  Hunger
 Confuse                  Hex            ###.....     4%          3    ###....
 Dazzling Spray           Conj/Hex       ##....       16%         3    ###....


Dungeon Overview and Level Annotations

Branches:
Dungeon (4/15)
 Temple: D:4-7

Altars:
Elyvilon
Makhleb
Ru


Innate Abilities, Weirdness & Mutations

You have razor-sharp teeth.
You have supernaturally acute eyesight. (SInv)
You can survive without breathing.


Message History

Aim: a centaur, wielding a shortbow (chance to defeat MR: 43%)
The centaur resists with some effort.
Casting: Ensorcelled Hibernation (safe; 8% risk of failure)
Confirm with . or Enter, or press ? or * to list all spells.
Aiming: Ensorcelled Hibernation (safe; 8% risk of failure)
Press: ? - help, Shift-Dir - straight line, f/p - centaur
Aim: a centaur, wielding a shortbow (chance to defeat MR: 43%)
You miscast Ensorcelled Hibernation.
You are very lightly contaminated with residual magic.
The light around you dims momentarily.
The centaur unwields an uncursed shortbow.
The centaur hits you.
* * * LOW HITPOINT WARNING * * *
The centaur barely misses you.
You don't have enough magic at the moment.
You hit the centaur.
The centaur is lightly wounded.
The centaur wields an uncursed shortbow.
The centaur shoots an arrow.
The arrow hits you!
You die...

#...# #.#..**,,*⌠,⌠*,*
##.c.####.#..#**,,,,,,,,
#............#***,*,***,
#>##.####......,,,,,* *,
#.##.# #......,,,*,* *,
#.##.# #.##.##****,* **
#.##.# #.#*,####**,***
#.##(####.##.....,,,,,**
#.##oc(@.........,,,*,,,
#.......(.#######*******
###########


You could see a centaur and an orc.

Vanquished Creatures
  A big kobold (D:3)
  A scorpion (D:3)
  A crimson imp (D:3)
  A hound skeleton (D:4)
  4 gnolls
  4 adders
  An ooze (D:1)
  2 worms (D:2)
  2 dart slugs
  3 leopard geckos
  3 orcs
  13 bats
  4 giant cockroaches
  14 goblins
  7 hobgoblins
  9 jackals
  4 quokkas
  5 frilled lizards
  21 kobolds
  10 rats
110 creatures vanquished.

Vanquished Creatures (others)
  A dancing weapon (D:4)
1 creature vanquished.

Grand Total: 111 creatures vanquished

Notes
Turn   | Place    | Note
-------+----------+-------------------------------------------
     0 | D:1      | alkexr the Vampire Enchanter began the quest for the Orb.
     0 | D:1      | Reached XP level 1. HP: 13/13 MP: 3/3
   240 | D:1      | Reached XP level 2. HP: 2/19 MP: 5/5
   724 | D:1      | Learned a level 2 spell: Ensorcelled Hibernation
  1139 | D:1      | Reached XP level 3. HP: 24/24 MP: 1/6
  1188 | D:1      | Learned a level 3 spell: Tukima's Dance
  1206 | D:1      | Reached skill level 5 in Stealth
  1266 | D:1      | Reached skill level 5 in Hexes
  2141 | D:2      | Reached XP level 4. HP: 24/30 MP: 0/7
  2844 | D:2      | Found a burning altar of Makhleb.
  2844 | D:2      | Noticed a cacodemon
  2847 | D:2      | Noticed an orange demon
  2847 | D:2      | Noticed a ynoxinul
  2849 | D:2      | Became a worshipper of Makhleb the Destroyer
  3101 | D:2      | Found a white marble altar of Elyvilon.
  3454 | D:3      | Reached XP level 5. HP: 35/35 MP: 5/8
  3807 | D:3      | Reached * piety under Makhleb
  4193 | D:3      | Reached skill level 6 in Stealth
  4522 | D:3      | Reached XP level 6. HP: 36/41 MP: 0/10
  4831 | D:3      | Found a sacrificial altar of Ru.
  5154 | D:4      | Shot with an arrow by a centaur

Skill      XL: |  1  2  3  4  5 |
---------------+----------------+-----
Stealth        | 5 6 |  6.3
Short Blades   | 2 3 |  3.9
Hexes          | 5 |  5.9
Dodging        | 3 |  3.8
Spellcasting   | |  2.9

Action                   |  1- 3 |  4- 6 || total
-------------------------+-------+-------++-------
Melee: Dagger            |   138 |   229 ||   367
       Bite              |     6 |    13 ||    19
 Fire: Hunting sling     |       |    15 ||    15
 Cast: Ensorcelled Hiber |    23 |    32 ||    55
       Corona            |     2 |       ||     2
       Tukima's Dance    |       |     1 ||     1
 Abil: End Transformatio |       |     2 ||     2
       Bat Form          |       |     2 ||     2
  Use: Scroll            |       |    10 ||    10
       Potion            |       |     1 ||     1
 Stab: Sleeping          |    22 |    24 ||    46
       Distracted        |       |     1 ||     1
  Eat: Corpse            |     5 |    10 ||    15
Armor: Robe              |    30 |    34 ||    64
Dodge: Dodged            |   105 |   212 ||   317
